 Dungeon Crawl Stone Soup version 0.29.0-13-gc9e81de378 (webtiles) character file.

Game seed: 12734927771368252391

35 blackman the Insei (level 3, -1/29 HPs)
             Began as a Demigod Warper on Sept 8, 2022.
             Slain by a worm (10 damage)
             ... on level 2 of the Dungeon.
             The game lasted 00:03:22 (2327 turns).

blackman the Insei (Demigod Warper)                 Turns: 2327, Time: 00:03:22

Health: -1/29      AC:  3    Str: 12    XL:     3   Next: 4%
Magic:  8/8        EV: 11    Int: 19    God:
Gold:   186        SH:  0    Dex: 13    Spells: 5/5 levels left

rFire   . . .      SeeInvis .     - Unarmed
rCold   . . .      Faith    .   (no shield)
rNeg    . . .      Spirit   .   a - +0 leather armour
rPois   .          Reflect  .   (no helmet)
rElec   .          Harm     .   (no cloak)
rCorr   .          Rampage  .   (no gloves)
Will    .....                   (no boots)
Stlth   +.........              h - amulet of the acrobat
HPRegen 0.09/turn               (no ring)
MPRegen 0.11/turn               (no ring)

@: no status effects
A: high MP 1, forlorn, divine attributes
a: no special abilities


You were on level 2 of the Dungeon.
You visited 1 branch of the dungeon, and saw 2 of its levels.

You collected 186 gold pieces.

Inventory:

Missiles
 g - 5 poisoned darts (quivered)
 k - 2 javelins
Armour
 a - a +0 leather armour (worn)
Jewellery
 c - an amulet of reflection
 h - an amulet of the acrobat (around neck)
Scrolls
 b - a scroll of blinking
 d - 3 scrolls of identify {unknown}
 e - a scroll of amnesia {unknown}
 j - a scroll of noise {unknown}
 l - a scroll of immolation {unknown}


   Skills:
 - Level 1.7 Fighting
 - Level 0.8 Throwing
 - Level 0.8 Armour
 - Level 1.7 Dodging
 + Level 3.3 Unarmed Combat
 - Level 1.7 Spellcasting
 - Level 2.6 Translocations


You had 5 spell levels left.
You didn't know any spells.
Your spell library contained the following spells:

 Spells                   Type           Power      Damage    Failure   Level
 Blink                    Tloc           22%        N/A       11%         2
 Shock                    Conj/Air       4%         1d3       22%         1
 Gell's Gravitas          Tloc           11%        N/A       22%         3
 Lesser Beckoning         Tloc           11%        N/A       22%         3
 Teleport Other           Tloc           11%        N/A       22%         3
 Swiftness                Air            1%         N/A       54%         3
 Manifold Assault         Tloc           11%        N/A       90%         5
 Airstrike                Air            0%         2d(1-17)  91%         4


Dungeon Overview and Level Annotations

Branches:
Dungeon (2/15)


Innate Abilities, Weirdness & Mutations

You have an increased reservoir of magic. (+10% MP)
You shall have no god before yourself.
Your divine heritage dramatically boosts your attributes as you level up.


Message History

The adder closely misses you.
You hit the adder.
The adder is heavily wounded.
The adder bites you but does no damage. x2
You hit the adder.
The adder is almost dead.
The adder bites you but does no damage.
You hit the adder but do no damage.
The adder is almost dead.
The adder closely misses you.
You hit the adder but do no damage.
The adder is almost dead.
The adder bites you.
You hit the adder.
You kill the adder!
The bat hits you but does no damage.
You have reached level 3!
Your experience leads to a dramatic increase in your attributes!
Increase (S)trength, (I)ntelligence, or (D)exterity?
You feel clever. x4
You are too injured to fight recklessly!
The bat misses you. The bat attacks as you move away!
The bat completely misses you. The bat hits you but does no damage.
The bat attacks as you move away! The bat barely misses you.
The bat closely misses you. The bat completely misses you.
You miss the bat. The bat barely misses you. The bat misses you.
The bat completely misses you. The bat attacks as you move away!
The bat misses you. The bat barely misses you.
You closely miss the bat. The bat closely misses you.
The bat closely misses you. The bat misses you. The bat completely misses you.
The worm bites you!
* * * LOW HITPOINT WARNING * * *
You completely miss the worm. The bat misses you. x2
You hit the worm.
The worm is lightly wounded.
The bat hits you but does no damage. The worm bites you!
You die...

#### ...# ##.# ####### #.#
#.....# ##.###
####.....#### .....#
#............
...#.####.##...b.#########
................@w........
...#.####.#..#.###.#######
##.#.# #.##.#.# #.#
##.#.####......# #w#
........####.### #.#
........# #.# #†#
........# #. #.. >.......#
.... ........# .....


You could see a worm and a bat.

Vanquished Creatures
  2 adders (D:2)
  A dart slug (D:1)
  2 endoplasms (D:1)
  2 giant cockroaches (D:2)
  A hobgoblin (D:1)
  A ball python (D:1)
  2 bats (D:2)
  2 frilled lizards
  2 goblins (D:1)
  2 kobolds (D:2)
17 creatures vanquished.

Notes
Turn   | Place    | Note
-------+----------+-------------------------------------------
     0 | D:1      | blackman the Demigod Warper began the quest for the Orb.
     0 | D:1      | Reached XP level 1. HP: 17/17 MP: 5/5
   589 | D:1      | Reached skill level 2 in Unarmed Combat
  1391 | D:2      | Reached XP level 2. HP: 13/24 MP: 7/7
  1400 | D:2      | HP: 1/24 [poisoned by an adder]
  2042 | D:2      | Reached skill level 3 in Unarmed Combat
  2315 | D:2      | Reached XP level 3. HP: 14/29 MP: 8/8
  2327 | D:2      | Slain by a worm

Illustrated notes

Levels and vault maps discovered:
D:1:      lightli_arrival_statuegarden, layout_loops_ring,
          basic_ecumenical_altar
D:2:      layout_basic, uniq_crazy_yiuf_cottage

Skill      XL: |  1  2 |
---------------+-------+-----
Unarmed Combat | 2 3 |  3.3
Fighting       | |  1.7
Throwing       | |  0.8
Armour         | |  0.8
Dodging        | |  1.7
Spellcasting   | |  1.7
Translocations | |  2.6

Action                   || total
-------------------------++-------
Melee: Unarmed           ||    85
Throw: Boomerang         ||     7
       Dart              ||     2
       Javelin           ||     2
  Use: Potion            ||     2
Armor: Leather armour    ||    30
Dodge: Dodged            ||    83
